cohdb
Replays
Latest Replays
All Replays
Popular Replays
Top Player Replays
Match Explorer
How It Works
Community
CoH3 Stats
Reddit
Sign in to upload your games and track your stats! →
Sign in with Steam
Match 23758225
Unlisted
Match 23758225
Overview
Messages
Build Orders
End
Kradschützen Motorcycle Team
Panzergrenadier Squad
250 Light Carrier
Construct Light Support Kompanie
Combat Half-tracks
2.5-tonne Medical Truck
Panzergrenadier Squad
Fire Support Elements
Panzerjäger Squad
Veteran Squad Leaders
Advanced Field Repairs
Selects Italian Infantry
Selects Guastatori Squad
Construct Panzerarmee Kommand
Walking Stuka Rocket Launcher
Pak 38 Anti-tank Gun Team
Vehicle Survival Package
Selects Sound the Alarm
Selects Prepared Positions
Panzer III L Medium Tank
Tungsten Core Ammunition
Emergency Repair Kits
Armored Reserves
Selects Obice 305mm Barrage
Selects Registered Artillery
Selects Towed Cannone da 105/28 Field Howitzer
Registered Artillery
Tiger Heavy Tank
EZ
CALMNESS—INDIGNATION
70P
【嗜血狼族】灵狐魅儿
白起
Seiun Sky
有摆子
BiliBilI_24073386_狐狸
0
0
Comments
sign in to comment!
No comments posted yet!